AoeStats
← crtolino93

Hill Fort

506075017Analyzed
2v2 RM · 20d ago on Sep 12, 2026· 70m 19s· 4 players
Game mode
Random Map
Map size
Medium (4 player)
Population
200
Speed
Normal
Resources
Standard
Victory
Conquest
Starting age
Dark Age
Ending age
Imperial Age
RankedLock teamsTeams togetherTeam positionsShared explorationLock speedFull tech treeHidden civsTurbo modeCheats
Victory
Defeat
🇩🇪 Japanese · Germany
1101
+17
🇦🇹 Teutons · Austria
1101
+17
🇳🇱 Franks · Netherlands
1142
-17
🇸🇮 Ethiopians · Slovenia
1122
-17
crtolino93
5:51 Loom
10:05 Feudal Age
10:43 Double-Bit Axe
11:14 Horse Collar
14:17 Fletching
19:42 Castle Age
18:12 Padded Archer Armor
18:16 Stone Mining
19:44 Crossbowman
20:25 Bodkin Arrow
21:07 Wheelbarrow
22:55 Scale Mail Armor
23:02 Town Watch
23:28 Gold Mining
24:54 Bow Saw
25:37 Leather Archer Armor
28:36 Ballistics
29:47 Chain Mail Armor
29:42 Forging
30:26 Squires
36:23 Imperial Age
34:32 Heavy Plow
35:26 Iron Casting
37:01 Halberdier
37:45 Bracer
37:07 Arbalester
38:27 Ring Archer Armor
38:30 Conscription
40:17 Plate Mail Armor
41:28 Hand Cart
42:05 Elite Skirmisher
44:49 Blast Furnace
43:29 Elite Shotel Warrior
44:34 Husbandry
43:55 Light Cavalry
46:14 Hussar
51:53 Masonry
52:44 Chemistry
51:41 Murder Holes
54:28 Scale Barding Armor
56:15 Man-at-Arms
66:17 Long Swordsman
adjorno
8:20 Loom
12:14 Feudal Age
17:16 Castle Age
15:39 Double-Bit Axe
20:28 Stone Mining
21:01 Husbandry
21:52 Gold Mining
23:19 Wheelbarrow
22:57 Bow Saw
24:27 Town Watch
27:40 Hand Cart
28:11 Scale Barding Armor
30:00 Chain Barding Armor
32:29 Imperial Age
31:18 Forging
31:36 #83
32:40 Scale Mail Armor
32:53 Cavalier
34:13 Conscription
35:05 Paladin
36:23 Elite Throwing Axeman
37:31 Ballistics
39:17 Chivalry
39:19 Pikeman
40:00 Squires
40:18 Chain Mail Armor
39:57 Halberdier
41:16 Iron Casting
41:28 Caravan
43:53 Plate Mail Armor
46:11 Coinage
49:01 Chemistry
51:17 Plate Barding Armor
58:52 Blast Furnace
60:02 Heavy Scorpion
61:35 Fletching
61:46 Padded Archer Armor
66:26 Light Cavalry
67:13 Capped Ram
Ļﮔ
11:29 Feudal Age
15:10 Castle Age
13:05 Horse Collar
13:38 Double-Bit Axe
19:49 Scale Barding Armor
22:22 Bloodlines
24:32 Chain Barding Armor
30:27 Wheelbarrow
30:32 Forging
35:59 Imperial Age
34:47 Iron Casting
34:06 Fletching
35:25 Heavy Plow
36:00 Cavalier
38:10 Plate Barding Armor
38:51 Blast Furnace
39:00 Heavy Scorpion
57:58 Caravan
Dinolicious.
11:39 Feudal Age
16:06 Castle Age
14:36 Double-Bit Axe
15:48 Horse Collar
19:54 Fletching
20:11 Padded Archer Armor
21:41 Wheelbarrow
24:07 Elite Skirmisher
25:21 Bow Saw
26:30 Pikeman
27:38 Hand Cart
31:07 Town Watch
31:59 Heavy Plow
33:30 Ballistics
34:11 Scale Mail Armor
34:25 Forging
34:30 Squires
34:16 Arson
34:20 Gambesons
38:59 Imperial Age
37:15 Chain Mail Armor
38:53 Yasama
38:47 Fletching
40:17 Plate Mail Armor
40:22 Iron Casting
39:43 Bodkin Arrow
39:14 Halberdier
40:32 Conscription
41:00 Town Patrol
40:46 Loom
42:52 Kataparuto
41:54 Elite Samurai
43:48 Blast Furnace
42:49 Bracer
43:06 Leather Archer Armor
47:03 Thumb Ring
49:28 Chemistry
48:34 Siege Engineers
48:10 Treadmill Crane
49:27 Gold Mining
50:19 Bracer
50:50 Ring Archer Armor
52:13 Caravan
Connection lost

Rejoining the realm…

Still unreachable

The connection could not be restored.

Session expired

The server has moved on; the page needs a fresh start.